 Dungeon Crawl Stone Soup version 0.25-a0-435-g4b9beb1024 (webtiles) character file.

Game seed: 15372115866713301427, levelgen mode: deterministic

33 ChaosChampion the Insei (level 3, -1/23 HPs)
             Began as an Octopode Transmuter on Jan 29, 2020.
             Slain by a worm (8 damage)
             ... on level 2 of the Dungeon.
             The game lasted 00:03:04 (726 turns).

ChaosChampion the Insei (Octopode Transmuter)        Turns: 726, Time: 00:03:04

Health: -1/23      AC:  2    Str:  9    XL:     3   Next: 29%
Magic:  1/6        EV: 20    Int: 16    God:
Gold:   40         SH:  0    Dex: 17    Spells: 0/6 levels left

rFire    . . .     SeeInvis .     - Unarmed
rCold    . . .     Gourm    .   (shield currently unavailable)
rNeg     . . .     Faith    .   (helmet currently unavailable)
rPois    x         Spirit   .   (no amulet)
rElec    .         Reflect  .   (no ring)
rCorr    .         Harm     .   (no ring)
MR       .....                  (no ring)
Stlth    ++........             (no ring)
HPRegen  0.07/turn              (no ring)
MPRegen  0.10/turn              (no ring)
                                (no ring)
                                (no ring)

@: spider-form (expiring)
A: tiny, almost no armour, stealthy swim, (amphibious), 8 rings, (constrict 8)
a: End Transformation


You were on level 2 of the Dungeon.
You were not hungry.
You were a venomous arachnid creature.
You visited 1 branch of the dungeon, and saw 2 of its levels.

You collected 40 gold pieces.

Inventory:

Missiles
 a - 10 arrows
 i - 21 bolts
Scrolls
 b - 2 scrolls of identify {unknown}
 d - a scroll of amnesia {unknown}
Potions
 e - a potion of berserk rage {unknown}
 f - a potion of agility {unknown}
 g - a potion of invisibility {unknown}
 h - 2 potions of brilliance {unknown}
Comestibles
 c - 2 rations


   Skills:
 + Level 1.2 Fighting
 + Level 2.1 Dodging
 * Level 1.6 Stealth
 * Level 3.2 Unarmed Combat
 * Level 2.4 Spellcasting
 * Level 2.2 Transmutations


You couldn't memorise any spells.
You knew the following spells:

 Your Spells              Type           Power        Failure   Level  Hunger
a - Beastly Appendage     Tmut           #.....       21%         1    #......
b - Sticks to Snakes      Tmut           #.......     28%         2    ###....
c - Spider Form           Tmut/Pois      #.........   58%         3    ###....

Your spell library contained the following spells:

 Spells                   Type           Power        Failure   Level  Hunger
 Ice Form                 Ice/Tmut       #.......     90%         4    #####..
 Blade Hands              Tmut           #.........   98%         5    ######.


Dungeon Overview and Level Annotations

Branches:
Dungeon (2/15)

Altars:


Innate Abilities, Weirdness & Mutations

You cannot wear most types of armour.
You are very stealthy in the water. (Stealth+)
((You are amphibious.))
You can wear up to eight rings at the same time.
((You can use your tentacles to constrict eight enemies at once.))
((Your skin changes colour to match your surroundings (Stealth+).))
((Your rubbery body absorbs attacks. (AC +1, EV +1)))


Message History

The bat misses you. The bat closely misses your adder.
Your adder barely misses the bat.
You hit the bat but do no damage.
The bat is poisoned.
The bat closely misses you.
Your adder misses the bat.
A goblin comes into view.
You hit the hobgoblin.
The hobgoblin is poisoned.
The hobgoblin is moderately wounded.
The bat barely misses your adder.
The bat hits your adder but does no damage.
Your adder bites the bat.
The bat dies!
The hobgoblin hits you with a +0 club. The goblin hits you but does no damage.
You hit the hobgoblin.
You kill the hobgoblin!
The goblin hits you but does no damage.
You barely miss the goblin.
Your transformation is almost over.
Your adder bites the worm but does no damage.
The goblin closely misses you. The worm bites you!
You die...

#.##....#.#
#.#####.......#.#
#.......###...#.#
#.#####.# #...#.#
#.# #...#.#
#########.###...#.#
........#..###+##
......g.#..#
#.#s#..# #wS#..#
#$#....# #.#.#..#
(#.....# ##.#(...#
......... ###
#.#.... ..#...##


You could see a worm, a goblin and a friendly adder.

Vanquished Creatures
  A worm (D:2)
  2 leopard geckos (D:1)
  4 bats
  2 goblins (D:1)
  4 hobgoblins
  3 jackals (D:1)
  2 kobolds (D:1)
  6 rats
24 creatures vanquished.

Vanquished Creatures (collateral kills)
  A bat (D:2)
  A giant cockroach (D:2)
  A rat (D:1)
3 creatures vanquished.

Grand Total: 27 creatures vanquished

Notes
Turn   | Place    | Note
-------+----------+-------------------------------------------
     0 | D:1      | ChaosChampion the Octopode Transmuter began the quest for
                  | the Orb.
     0 | D:1      | Reached XP level 1. HP: 13/13 MP: 3/3
    68 | D:1      | Reached XP level 2. HP: 16/18 MP: 3/5
    81 | D:1      | Learned a level 2 spell: Sticks to Snakes
   115 | D:1      | Reached skill level 1 in Stealth
   639 | D:2      | Reached XP level 3. HP: 14/23 MP: 6/6
   644 | D:2      | Learned a level 3 spell: Spider Form
   726 | D:2      | Slain by a worm

Levels and vault maps discovered:
D:1:      grunt_arrival_crossed_arrows, layout_rooms, serial_glass,
          glass_columns_b, glass_columns_b, due_unseen_surprise,
          hangedman_feature_mirror, minivault_25, serial_bayou_ford_a
D:2:      minmay_evil_eye, layout_basic, first_ration, minmay_small_reverse_x,
          uniq_crazy_yiuf_cottage, uniq_natasha

Skill      XL: |  1  2 |
---------------+-------+-----
Stealth        | 1 |  1.6
Fighting       | |  1.2
Dodging        | |  2.1
Unarmed Combat | |  3.2
Spellcasting   | |  2.4
Transmutations | |  2.2

Action                   || total
-------------------------++-------
Melee: Unarmed           ||    61
       Constrict         ||    10
       Kick              ||     6
       Punch             ||     1
       Tentacles         ||     5
 Cast: Beastly Appendage ||    10
       Sticks to Snakes  ||     2
       Spider Form       ||     1
 Stab: Sleeping          ||     2
Armor: Skin              ||    10
Dodge: Dodged            ||    56

Table legend:
 A = Non-vault XP
 B = Vault XP
 C = Vault XP percentage of total XP
 D = Non-vault monster count
 E = Vault monster count
 F = Vault count percentage of total count
                 A         B        C        D         E       F
            +---------+---------+-------+---------+---------+-------
      Total |      42 |       6 |  12.5 |      23 |       4 |  14.8
            +---------+---------+-------+---------+---------+-------
        D:1 |      30 |       2 |   6.2 |      17 |       2 |  10.5
        D:2 |      12 |       4 |  25.0 |       6 |       2 |  25.0
            +---------+---------+-------+---------+---------+-------
